 Dungeon Crawl Stone Soup version 0.30-a0-341-g682706514a (webtiles) character file.

Game seed: 9928474331348348029

534 purpskrrrp the Cleaver (level 7, -6/58 HPs)
             Began as a Hill Orc Fighter on Nov 4, 2022.
             Was a Believer of Cheibriados.
             Mangled by a gnoll
             ... wielding a +0 halberd
              (13 damage)
             ... on level 4 of the Dungeon.
             The game lasted 00:05:51 (3210 turns).

purpskrrrp the Cleaver (Hill Orc Fighter)           Turns: 3210, Time: 00:05:52

Health: -6/58      AC: 12    Str: 25    XL:     7   Next: 25%
Magic:  7/7        EV:  6    Int: 12    God:    Cheibriados [**....]
Gold:   123        SH:  5    Dex: 14    Spells: 6/6 levels left

rFire   . . .      SeeInvis .    a - +0 war axe
rCold   . . .      Faith    .    c - +0 buckler
rNeg    . . .      Spirit   .    d - +0 plate armour
rPois   .          Reflect  .    (no helmet)
rElec   .          Harm     .    (no cloak)
rCorr   .          Rampage  .    (no gloves)
Will    .....                    (no boots)
Stlth   ..........               (no amulet)
HPRegen 0.29/turn                (no ring)
MPRegen 0.10/turn                (no ring)

@: very slow
A: no striking features
a: Renounce Religion, Bend Time


You were on level 4 of the Dungeon.
You worshipped Cheibriados.
Cheibriados was pleased with you.
You visited 1 branch of the dungeon, and saw 4 of its levels.

You collected 123 gold pieces.

Inventory:

Hand Weapons
 a - a +0 war axe (weapon)
 g - a +2 short sword of freezing
Armour
 b - a +0 scale mail
 c - a +0 buckler (worn)
 d - a +0 plate armour (worn)
 m - a +1 troll leather armour
Scrolls
 j - a scroll of identify {unknown}
 n - a scroll of enchant weapon {unknown}
Potions
 e - 3 potions of cancellation {unknown}
 f - a potion of haste {unknown}
 h - a potion of magic {unknown}
 i - a potion of resistance {unknown}
 k - a potion of flight {unknown}
 l - 2 potions of curing {unknown}
 o - a potion of heal wounds {unknown}


   Skills:
 - Level 3.6 Fighting
 * Level 8.4 Axes
 + Level 5.6 Armour
 - Level 3.3 Shields


You had 6 spell levels left.
You didn't know any spells.
Your spell library contained the following spells:

 Spells                   Type           Power      Damage    Failure   Level
 Leda's Liquefaction      Hex/Erth       0%         N/A       100%        4
 Lee's Rapid Deconstruct  Erth           0%         3d4*      100%        5
 Statue Form              Tmut/Erth      0%         N/A       100%        6


Dungeon Overview and Level Annotations

Branches:
Dungeon (4/15)
 Temple: D:4-7

Altars:
Ashenzari
Cheibriados
Vehumet

Shops:
D:3 (

Annotations:
D:3 2 transporters, porpoise's ghost, amateur DjFE


Message History

The gnoll barely misses you. The gnoll closely misses you.
The gnoll hits you with a +0 halberd. The gnoll barely misses you.
You hit the gnoll but do no damage.
The gnoll is lightly wounded.
The gnoll hits you but does no damage. x2
The gnoll hits you from afar with a +0 halberd.
The gnoll hits you but does no damage.
You barely miss the gnoll.
The gnoll is lightly wounded.
The gnoll hits you but does no damage. x2
The gnoll hits you with a +0 halberd.
The gnoll hits you from afar with a +0 halberd.
You slash the gnoll!
You kill the gnoll!
Cheibriados thoroughly appreciates the change of pace.
The gnoll hits you but does no damage. x2; You block the gnoll's attack.
You slash the iguana!
The iguana is almost dead.
The iguana bites you. The gnoll barely misses you. x2
The gnoll hits you from afar with a +0 halberd!
* * * LOW HITPOINT WARNING * * *
You are too injured to fight recklessly!
You are too injured to fight recklessly!
You are too injured to fight recklessly!
You are too injured to fight recklessly!
You are too injured to fight recklessly!
You are too injured to fight recklessly!
You are too injured to fight recklessly!
You are too injured to fight recklessly!
You are too injured to fight recklessly!
You are too injured to fight recklessly!
You are too injured to fight recklessly!
You are too injured to fight recklessly!
You are too injured to fight recklessly!
The gnoll hits you but does no damage. The gnoll barely misses you.
The iguana bites you!
* * * LOW HITPOINT WARNING * * *
The gnoll hits you but does no damage.
The gnoll hits you from afar with a +0 halberd!
You die...

#.......#.'...+
#+#...#'#.#####.....
#.).#.....# ..... ..
##'##.....+ ....# ..
#...#.....# ....##
#'#...#+#.####......
#.......#.+..g......
###...#####..g......
+...'..).@lg.....#
#####......[...###
#........###.#
+......### .#
####..## #..# ...#
....# #....


You could see an iguana and 3 gnolls.

Vanquished Creatures
  Grinder (D:4)
  An ogre (D:3)
  2 scorpions (D:4)
  A statue (D:3)
  2 gnolls
  4 adders
  A worm (D:2)
  4 dart slugs
  An orc (D:4)
  5 ball pythons
  6 endoplasms
  3 giant cockroaches
  6 goblins
  6 hobgoblins
  4 jackals (D:3)
  4 kobolds
  A quokka (D:3)
  2 bats
  12 frilled lizards
  7 rats
73 creatures vanquished.

Vanquished Creatures (others)
  9 demonic plants (D:2)
  6 fungi (D:2)
  10 plants (D:2)
  A withered plant (D:2)
26 creatures vanquished.

Grand Total: 99 creatures vanquished

Notes
Turn   | Place    | Note
-------+----------+-------------------------------------------
     0 | D:1      | purpskrrrp the Hill Orc Fighter began the quest for the
                  | Orb.
     0 | D:1      | Reached XP level 1. HP: 19/19 MP: 1/1
   179 | D:1      | Reached skill level 3 in Axes
   210 | D:1      | Reached XP level 2. HP: 27/27 MP: 2/2
   522 | D:1      | Reached skill level 4 in Axes
   522 | D:1      | Reached XP level 3. HP: 32/33 MP: 3/3
  1175 | D:2      | Reached XP level 4. HP: 40/40 MP: 4/4
  1238 | D:2      | Reached skill level 5 in Axes
  1448 | D:2      | Found a faded altar of an unknown god.
  1863 | D:2      | Prayed at the altar of an unknown god.
  1863 | D:2      | Became a worshipper of Cheibriados the Contemplative
  1863 | D:2      | Reached * piety under Cheibriados
  2186 | D:3      | Noticed porpoise's ghost (amateur DjFE)
  2188 | D:3      | Found a transporter.
  2205 | D:3      | Found a transporter.
  2369 | D:3      | Found a radiant altar of Vehumet.
  2371 | D:3      | Noticed a frost-covered statue
  2387 | D:3      | Killed a frost-covered statue
  2388 | D:3      | Reached XP level 5. HP: 38/46 MP: 5/5
  2414 | D:3      | Noticed an ogre
  2418 | D:3      | Killed an ogre
  2419 | D:3      | Reached skill level 6 in Axes
  2632 | D:3      | Reached ** piety under Cheibriados
  2644 | D:3      | Found a broken altar of Ashenzari.
  2667 | D:3      | Found Otatopsuli's Weapon Shop.
  3027 | D:4      | Reached skill level 7 in Axes
  3027 | D:4      | Reached skill level 5 in Armour
  3027 | D:4      | Reached XP level 6. HP: 52/52 MP: 6/6
  3121 | D:4      | Noticed Grinder
  3127 | D:4      | Paralysed by Grinder for 3 turns
  3132 | D:4      | Killed Grinder
  3133 | D:4      | Reached skill level 8 in Axes
  3133 | D:4      | Reached XP level 7. HP: 41/58 MP: 7/7
  3210 | D:4      | Mangled by a gnoll

Illustrated notes

Levels and vault maps discovered:
D:1:      lightli_arrival_statuegarden, layout_loops_ring
D:2:      layout_basic, shapermc_ecumenical_altar_gd, minmay_lizard_king
D:3:      layout_loops_corners, marbit_many_paths, vehumet_statue, serial_shops,
          nicolae_shop_hallway_stairs, gammafunk_ghost_arena
D:4:      nicolae_cairo_tiling_large, layout_layer_cave, kennysheep_mini_moat,
          lemuel_doored_altar, nicolae_shop_sticking_my_neck_out, uniq_grinder,
          uniq_ijyb

Skill      XL: |  1  2  3  4  5  6 |
---------------+-------------------+-----
Axes           | 3 4 5 7 8 |  8.4
Armour         | 4 5 |  5.6
Fighting       | |  3.6
Shields        | |  3.3

Action                   |  1- 3 |  4- 6 |  7- 9 || total
-------------------------+-------+-------+-------++-------
Melee: War axe           |    97 |   135 |    10 ||   242
  Use: Scroll            |     3 |     3 |       ||     6
       Potion            |       |     1 |       ||     1
Armor: Scale mail        |    16 |       |       ||    16
       Troll leather arm |    13 |    48 |       ||    61
       Plate armour      |       |    18 |    13 ||    31
Dodge: Dodged            |    44 |    62 |    10 ||   116
Block: Buckler           |    20 |    27 |     4 ||    51

Table legend: (Time is in decaauts)
 A = Elapsed time spent in this place.
 B = Non-inter-level travel time spent in this place.
 C = Inter-level travel time spent in this place.
 D = Time resting spent in this place.
 E = Time spent auto-exploring this place.
 F = Levels seen in this place.
 G = Mean time per level.
                   A        B        C        D        E       F      G
               +--------+--------+--------+--------+--------+-----+--------+
         Total |   3743 |   3554 |    189 |     88 |   2778 |   4 |  935.8 |
       Dungeon |   3743 |   3554 |    189 |     88 |   2778 |   4 |  935.8 |
               +--------+--------+--------+--------+--------+-----+--------+

Top non-repeatable levels by time:
     D:3: 1572 daAuts
     D:2: 1159 daAuts
     D:1: 766 daAuts
     D:4: 244 daAuts
